AoeStats
← 萱你在吗

Black Forest

508956221Analyzed
4v4 RM · 7d ago on Sep 24, 2026· 27m 23s· 8 players
Game mode
Random Map
Map size
Large (8 player)
Population
200
Speed
Normal
Resources
Standard
Victory
Conquest
Starting age
Dark Age
Ending age
Imperial Age
RankedLock teamsTeams togetherTeam positionsShared explorationLock speedFull tech treeHidden civsTurbo modeCheats
Victory
Defeat
🇨🇴 Khmer · Colombia
1219
+13
🇨🇳 Vikings · China
1206
+14
🇫🇷 Saracens · France
1141
+16
🇨🇳 Magyars · China
1095
+18
🇻🇪 Italians · Venezuela
1188
-17
🇺🇸 Japanese · United States
1154
-15
🇰🇬 Saxons · Kyrgyzstan
1144
-15
🇲🇽 Ethiopians · Mexico
1127
-14
scott.hurstell
0:28 Loom
14:46 Feudal Age
15:28 Double-Bit Axe
15:24 Horse Collar
22:27 Castle Age
24:02 Stone Mining
Te0n
5:54 Loom
10:36 Feudal Age
11:07 Feudal Age
15:24 Castle Age
14:04 Double-Bit Axe
14:00 Horse Collar
15:04 Fletching
18:10 Stone Mining
21:03 Bow Saw
21:41 Bodkin Arrow
Cuauhpilli
1:31 Loom
13:08 Feudal Age
22:36 Castle Age
Horubea
2:26 Loom
10:08 Feudal Age
13:55 Man-at-Arms
19:35 Castle Age
17:50 Double-Bit Axe
17:48 Horse Collar
19:04 Fletching
24:39 Bodkin Arrow
lpt42
7:52 Loom
10:04 Feudal Age
11:49 Double-Bit Axe
13:42 Fletching
24:01 Castle Age
24:23 Crossbowman
25:01 Bodkin Arrow
likelisi017
1:06 Loom
12:01 Feudal Age
23:15 Castle Age
24:31 Fletching
26:47 Town Watch
sr.castillo
11:14 Feudal Age
15:25 Castle Age
13:55 Loom
14:59 Fishing Lines
15:20 Double-Bit Axe
15:18 Horse Collar
17:19 Bloodlines
18:35 Gold Mining
20:36 Husbandry
23:44 Scale Barding Armor
25:41 Chain Barding Armor
26:35 Wheelbarrow
27:52 Heavy Plow
萱你在吗
11:15 Feudal Age
14:45 Castle Age
13:00 Double-Bit Axe
13:13 Horse Collar
17:18 Bow Saw
21:29 Loom
22:27 Heavy Plow
23:49 Gold Mining
23:50 Stone Mining
25:30 Gold Shaft Mining
25:28 Scale Mail Armor
25:38 Forging
25:48 Squires
29:12 Imperial Age
26:57 Arson
28:15 Chain Mail Armor
28:36 Iron Casting
Connection lost

Rejoining the realm…

Still unreachable

The connection could not be restored.

Session expired

The server has moved on; the page needs a fresh start.